[Event "European School-ch 2019"]
[Site "Mamaia"]
[Date "2019.06.02"]
[Round "3.18"]
[White "Tashev, Aleksandar"]
[Black "Chernikov, Ivan"]
[Result "1-0"]
[ECO "A95"]
[WhiteElo "2119"]
[BlackElo "1460"]
[Annotator "ChessBase"]
[PlyCount "51"]
[EventDate "2019.05.31"]
[EventType "swiss"]
[EventCountry "ROU"]
[SourceTitle "playchess.com"]
[Source "ChessBase"]
[SourceQuality "1"]
[TimeControl "40/5400+30:1800+30"]

1. d4 d5 2. Nf3 f5 3. c4 e6 4. Nc3 Nf6 5. g3 c6 6. Bg2 Be7 7. O-O O-O 8. a3 Nbd7 9. Qd3 Ne4 10. b4 Nb6 11. c5 Nd7 12. Bb2 Ndf6 13. Ne5 Nxc3 14. Bxc3 Bd7 15. a4 a6 16. Bd2 Be8 17. Rfb1 Nd7 18. Nf3 f4 19. Bxf4 Bg6 20. Qe3 Bxb1 21. Qxe6+ Kh8 22. Rxb1 Bf6 23. Bh3 Nb8 24. Bd6 Re8 25. Qf7 Rxe2 26. Qxb7 1-0

[Event "European School-ch 2019"]
[Site "Mamaia"]
[Date "2019.06.02"]
[Round "3.19"]
[White "Samunenkov, Ihor"]
[Black "Zhelev, Nikolay"]
[Result "1-0"]
[ECO "D34"]
[WhiteElo "1972"]
[BlackElo "1710"]
[Annotator "NA"]
[PlyCount "81"]
[EventDate "2019.05.31"]
[EventType "swiss"]
[EventCountry "ROU"]
[SourceTitle "playchess.com"]
[Source "ChessBase"]
[SourceQuality "1"]
[TimeControl "40/5400+30:1800+30"]

1. d4 Nf6 2. g3 d5 3. Bg2 c5 4. Nf3 e6 5. O-O Nc6 6. c4 Be7 7. Nc3 O-O 8. cxd5 exd5 9. Bg5 c4 10. Ne5 Be6 11. Nxc6 bxc6 12. b3 Qa5 13. Qd2 h6 14. Nxd5 Qd8 15. Nxe7+ Qxe7 16. Bxf6 Qxf6 17. Bxc6 Rad8 18. e3 cxb3 19. axb3 Bxb3 20. Rfc1 Rd6 21. Bg2 a6 22. Qd3 Rb6 23. Rcb1 Rfb8 24. Ra3 Be6 25. Rxb6 Rxb6 26. Rxa6 Rxa6 27. Qxa6 Qe7 28. Qa8+ Kh7 29. Qe4+ f5 30. Qe5 Qf7 31. d5 Bd7 32. h3 h5 33. Qf4 Qf6 34. h4 Qe7 35. Kh2 g6 36. f3 Kg7 37. e4 fxe4 38. fxe4 Qf6 39. e5 Qxf4 40. gxf4 Bf5 41. Kg3 1-0

[Event "European School-ch 2019"]
[Site "Mamaia"]
[Date "2019.06.02"]
[Round "3.20"]
[White "Durak, Can"]
[Black "Magold, Filip"]
[Result "1-0"]
[ECO "E11"]
[WhiteElo "1646"]
[BlackElo "1906"]
[Annotator "NA"]
[PlyCount "91"]
[EventDate "2019.05.31"]
[EventType "swiss"]
[EventCountry "ROU"]
[SourceTitle "playchess.com"]
[Source "ChessBase"]
[SourceQuality "1"]
[TimeControl "40/5400+30:1800+30"]

1. d4 Nf6 2. c4 e6 3. Nf3 Bb4+ 4. Bd2 Be7 5. Nc3 b6 6. Bg5 Bb7 7. e3 d6 8. Bd3 Nbd7 9. O-O O-O 10. Nd2 c5 11. Qc2 h6 12. Bxf6 Bxf6 13. Bh7+ Kh8 14. Be4 Bxe4 15. Ndxe4 cxd4 16. exd4 Bxd4 17. Rad1 Bc5 18. Nxd6 Qb8 19. Nde4 Ne5 20. Nxc5 bxc5 21. b3 Ng4 22. g3 f5 23. Qe2 Re8 24. Rfe1 e5 25. h3 Nf6 26. Qf3 g6 27. Qc6 Kg7 28. Qxc5 f4 29. Nd5 fxg3 30. Qc7+ Qxc7 31. Nxc7 gxf2+ 32. Kxf2 e4 33. Nxa8 Rxa8 34. c5 Rf8 35. Kg2 Rc8 36. b4 a5 37. a3 axb4 38. axb4 Kf7 39. Rf1 Ke7 40. Rd6 Nd7 41. Rxg6 Ne5 42. Rxh6 Rg8+ 43. Kf2 Nc4 44. Re1 Rf8+ 45. Ke2 Rf3 46. Rh4 1-0

[Event "European School-ch 2019"]
[Site "Mamaia"]
[Date "2019.06.02"]
[Round "3.21"]
[White "Akkas, Doruk"]
[Black "Gurel, Ediz"]
[Result "0-1"]
[ECO "B40"]
[WhiteElo "1565"]
[BlackElo "1914"]
[Annotator "NA"]
[PlyCount "112"]
[EventDate "2019.05.31"]
[EventType "swiss"]
[EventCountry "ROU"]
[SourceTitle "playchess.com"]
[Source "ChessBase"]
[SourceQuality "1"]
[TimeControl "40/5400+30:1800+30"]

1. e4 c5 2. Nf3 e6 3. b3 b6 4. Bb2 Bb7 5. e5 Nc6 6. Nc3 Nh6 7. Bd3 Be7 8. O-O O-O 9. h3 f5 10. Re1 a6 11. Bf1 Nf7 12. a4 Qc7 13. Nb1 g5 14. Qe2 h5 15. Nh2 g4 16. hxg4 hxg4 17. Nxg4 fxg4 18. Qxg4+ Ng5 19. f4 Rf5 20. Bd3 Raf8 21. Bxf5 Rxf5 22. Re2 Nd4 23. Bxd4 cxd4 24. d3 Kf8 25. fxg5 Bf3 26. gxf3 Rxg5 27. Na3 Ke8 28. Nc4 Rxg4+ 29. fxg4 b5 30. axb5 axb5 31. Na3 Qc3 32. Ra2 Qa5 33. Rh2 Bxa3 34. Ra1 Kf7 35. Rf1+ Kg7 36. Rhf2 Kg6 37. g5 Be7 38. Rf7 Bxg5 39. Rxd7 Qd2 40. Rdf7 Qxc2 41. Rf8 Qxd3 42. Kg2 Qe4+ 43. R1f3 Qxe5 44. Rg8+ Kh5 45. Rh3+ Kg4 46. Rf8 Qe2+ 47. Rf2 Qxf2+ 48. Kxf2 Kxh3 49. Kf3 d3 50. b4 e5 51. Kf2 e4 52. Ke1 Kg2 53. Kd1 Kf3 54. Ke1 e3 55. Kd1 e2+ 56. Ke1 d2# 0-1

[Event "European School-ch 2019"]
[Site "Mamaia"]
[Date "2019.06.02"]
[Round "3.22"]
[White "Krawczyk, Flawian"]
[Black "Gusev, Mikhail"]
[Result "1/2-1/2"]
[ECO "C07"]
[WhiteElo "1795"]
[BlackElo "1463"]
[Annotator "NA"]
[PlyCount "108"]
[EventDate "2019.05.31"]
[EventType "swiss"]
[EventCountry "ROU"]
[SourceTitle "playchess.com"]
[Source "ChessBase"]
[SourceQuality "1"]
[TimeControl "40/5400+30:1800+30"]

1. e4 e6 2. d4 d5 3. Nd2 c5 4. Ngf3 Nf6 5. exd5 exd5 6. Bb5+ Bd7 7. Bxd7+ Nbxd7 8. O-O Be7 9. Re1 O-O 10. c3 Re8 11. Nf1 Ne4 12. Ng3 Ndf6 13. Bf4 Qb6 14. Rb1 Rac8 15. Nf5 Bf8 16. Ne5 cxd4 17. cxd4 Qe6 18. Ng3 Nxg3 19. hxg3 Qf5 20. Qf3 Rc2 21. g4 Qc8 22. Bg5 Re6 23. Bh4 Qc7 24. Nd3 Ne4 25. Nf4 Nd2 26. Qg3 Rxe1+ 27. Rxe1 Ne4 28. Nxd5 Nxg3 29. Nxc7 Ne2+ 30. Kf1 Nxd4 31. Nd5 f6 32. Re4 Bc5 33. b4 Rc1+ 34. Re1 Rxe1+ 35. Kxe1 Nc2+ 36. Kd2 Nxb4 37. Nxb4 Bxb4+ 38. Kd3 b5 39. f3 Kf7 40. Bf2 a5 41. Bb6 a4 42. Kd4 Ke6 43. Bc5 Be1 44. Bf8 Kf7 45. Bd6 Ke6 46. Bf8 g6 47. Kc5 b4 48. Kc4 b3 49. axb3 axb3 50. Kxb3 f5 51. gxf5+ Kxf5 52. Bd6 Bd2 53. Kc2 Bf4 54. Be7 Ke5 1/2-1/2

[Event "European School-ch 2019"]
[Site "Mamaia"]
[Date "2019.06.02"]
[Round "3.23"]
[White "Celik, Hasan Huseyin"]
[Black "Kotolashvili, Davit"]
[Result "1-0"]
[ECO "D35"]
[WhiteElo "1727"]
[BlackElo "1374"]
[Annotator "NA"]
[PlyCount "103"]
[EventDate "2019.05.31"]
[EventType "swiss"]
[EventCountry "ROU"]
[SourceTitle "playchess.com"]
[Source "ChessBase"]
[SourceQuality "1"]
[TimeControl "40/5400+30:1800+30"]

1. d4 d5 2. c4 e6 3. cxd5 exd5 4. Nc3 Nf6 5. Bg5 Be7 6. e3 c6 7. Bd3 Nbd7 8. Qc2 O-O 9. Nge2 Re8 10. O-O Nf8 11. Rae1 Ng6 12. Nf4 Nxf4 13. Bxf4 Bd6 14. Bxd6 Qxd6 15. f3 h6 16. Qf2 Be6 17. Qg3 Rad8 18. Qxd6 Rxd6 19. b4 Nd7 20. a4 b6 21. Rc1 Nf8 22. Kf2 Bd7 23. Rfe1 Ne6 24. Rc2 Rc8 25. Rec1 Rf8 26. Nd1 f5 27. f4 g5 28. g3 gxf4 29. gxf4 Kg7 30. Nb2 Kf6 31. Be2 a5 32. bxa5 bxa5 33. Nd3 Rb8 34. Ne5 Nd8 35. Rc5 Ra8 36. Bd3 Be8 37. Rb1 Ne6 38. Rc2 Ra7 39. Rb6 Nd8 40. Rb8 Bf7 41. Rxd8 Rxd8 42. Nxc6 Rdd7 43. Nxa7 Rxa7 44. Rc5 Be6 45. Bc2 Ke7 46. Kg3 Kd6 47. Kh3 Rc7 48. Rxc7 Kxc7 49. Kh4 Bf7 50. Bxf5 Be6 51. Bc2 Bf7 52. Bf5 1-0

[Event "European School-ch 2019"]
[Site "Mamaia"]
[Date "2019.06.02"]
[Round "3.25"]
[White "Sapocinic, Semion"]
[Black "Popescu, Stefan-Adrian"]
[Result "1-0"]
[ECO "B41"]
[WhiteElo "1697"]
[BlackElo "1326"]
[Annotator "NA"]
[PlyCount "89"]
[EventDate "2019.05.31"]
[EventType "swiss"]
[EventCountry "ROU"]
[SourceTitle "playchess.com"]
[Source "ChessBase"]
[SourceQuality "1"]
[TimeControl "40/5400+30:1800+30"]

1. e4 c5 2. Nf3 e6 3. d4 cxd4 4. Nxd4 a6 5. c4 Qc7 6. Nc3 Nf6 7. Be2 d6 8. Be3 Be7 9. O-O O-O 10. f3 b6 11. Rc1 Bb7 12. Qd2 Nbd7 13. Rfd1 Ne5 14. b4 Rfd8 15. Nb3 Nfd7 16. f4 Ng6 17. a4 Nf6 18. a5 bxa5 19. bxa5 Qc6 20. Bb6 Rdc8 21. Nd4 Qe8 22. Qe3 Nd7 23. f5 Ngf8 24. fxe6 fxe6 25. Qh3 Bg5 26. Rb1 Nf6 27. Qg3 Bh6 28. Qxd6 Nxe4 29. Nxe4 Bxe4 30. Bd3 Bxd3 31. Rxd3 Rxc4 32. Re1 Rc1 33. Rxc1 Bxc1 34. Nb3 Bh6 35. Nc5 Qg6 36. h3 Qf6 37. Rf3 Qg6 38. Qc6 Re8 39. Nxa6 Qb1+ 40. Kh2 Qg6 41. Nc7 Rd8 42. a6 Rd2 43. Bf2 Qg5 44. Rxf8+ Kxf8 45. Qe8# {[%emt 0:00:00] Qd8} 1-0

[Event "European School-ch 2019"]
[Site "Mamaia"]
[Date "2019.06.02"]
[Round "3.26"]
[White "Butolo, Alexandru-Mircea"]
[Black "Cotoros, Eduard"]
[Result "1-0"]
[ECO "B36"]
[WhiteElo "1553"]
[BlackElo "1624"]
[Annotator "NA"]
[PlyCount "149"]
[EventDate "2019.05.31"]
[EventType "swiss"]
[EventCountry "ROU"]
[SourceTitle "playchess.com"]
[Source "ChessBase"]
[SourceQuality "1"]
[TimeControl "40/5400+30:1800+30"]

1. e4 c5 2. Nf3 g6 3. d4 cxd4 4. Nxd4 Nc6 5. c4 Nf6 6. Nc3 d6 7. Be2 Bg7 8. Be3 Nxd4 9. Bxd4 O-O 10. O-O Be6 11. f4 Qa5 12. Qc2 Rfc8 13. b3 b5 14. f5 Bd7 15. Qb2 bxc4 16. Bxc4 Rab8 17. Qe2 Bc6 18. fxg6 hxg6 19. e5 dxe5 20. Bxe5 Rb4 21. a3 Rxc4 22. bxc4 Qc5+ 23. Kh1 Bd7 24. Bxf6 exf6 25. Nd5 Re8 26. Qd2 Be6 27. Nxf6+ Bxf6 28. Rxf6 Qxc4 29. Rf4 Qd5 30. Rd4 Qe5 31. Re1 Qf6 32. Rf4 Qg5 33. Rd4 Qf6 34. Rd1 a6 35. Rd8 Rxd8 36. Qxd8+ Qxd8 37. Rxd8+ Kg7 38. Rd6 Bc4 39. Kg1 Kf8 40. Kf2 Ke7 41. Rc6 Bb5 42. Rb6 Kd7 43. Kg3 Ke7 44. Kf4 Kd7 45. Kg5 Kc7 46. Rf6 Bc4 47. g4 Kd7 48. h4 Be6 49. h5 gxh5 50. gxh5 Ke7 51. h6 Kf8 52. Rxe6 fxe6 53. Kf6 Kg8 54. Kxe6 Kh7 55. Kd6 Kxh6 56. Kc6 Kg6 57. Kb6 Kf6 58. Kxa6 Ke6 59. a4 Kd6 60. Kb7 Kc5 61. a5 Kb5 62. a6 Kc5 63. a7 Kd6 64. a8=Q Ke7 65. Qc8 Kf7 66. Qd8 Kg7 67. Qe8 Kh7 68. Qf8 Kg6 69. Kc6 Kh7 70. Qf6 Kg8 71. Qe7 Kh8 72. Kd6 Kg8 73. Ke6 Kh8 74. Kf6 Kg8 75. Qg7# 1-0

[Event "European School-ch 2019"]
[Site "Mamaia"]
[Date "2019.06.02"]
[Round "3.27"]
[White "Cnejev, Vladimir-Alexandru"]
[Black "Anghel, Teodor-Andrei"]
[Result "1-0"]
[ECO "B30"]
[WhiteElo "1970"]
[BlackElo "1415"]
[Annotator "NA"]
[PlyCount "88"]
[EventDate "2019.05.31"]
[EventType "swiss"]
[EventCountry "ROU"]
[SourceTitle "playchess.com"]
[Source "ChessBase"]
[SourceQuality "1"]
[TimeControl "40/5400+30:1800+30"]

1. e4 c5 2. Nf3 Nc6 3. c3 d5 4. exd5 Qxd5 5. d4 Bf5 6. Be3 cxd4 7. cxd4 Bxb1 8. Qxb1 e6 9. a3 Nf6 10. Be2 Be7 11. O-O O-O 12. Qd3 Rac8 13. b4 a6 14. Rac1 Rfd8 15. Rfd1 Qd6 16. Kh1 Nd5 17. Qb1 Bf6 18. Nd2 Qe7 19. Ne4 Nxe3 20. fxe3 Bg5 21. Nxg5 Qxg5 22. Qe4 Qg6 23. Qxg6 hxg6 24. Bf3 Rd6 25. Rc5 Kf8 26. Rdc1 Ke7 27. Kg1 Kd7 28. a4 Ra8 29. b5 axb5 30. axb5 Na5 31. Rc7+ Ke8 32. Bxb7 Rb8 33. Ba6 Rdb6 34. Rc8+ Ke7 35. R1c7+ Kf6 36. Kf2 Rxc8 37. Rxc8 Ke7 38. Rc7+ Ke8 39. Ke2 Kf8 40. Kd3 Nb3 41. Kc2 Na5 42. Kc3 g5 43. Kb4 Nc6+ 44. Rxc6 Rxb5+ 1-0

[Event "European School-ch 2019"]
[Site "Mamaia"]
[Date "2019.06.02"]
[Round "3.28"]
[White "Zheng, Harry Z"]
[Black "Ochedzan, Filip"]
[Result "1-0"]
[ECO "B90"]
[WhiteElo "1653"]
[BlackElo "1298"]
[Annotator "NA"]
[PlyCount "106"]
[EventDate "2019.05.31"]
[EventType "swiss"]
[EventCountry "ROU"]
[SourceTitle "playchess.com"]
[Source "ChessBase"]
[SourceQuality "1"]
[TimeControl "40/5400+30:1800+30"]

1. e4 c5 2. Nf3 d6 3. d4 cxd4 4. Nxd4 Nf6 5. Nc3 a6 6. Be3 e5 7. Nf3 Be6 8. Be2 Be7 9. O-O O-O 10. Bg5 Nbd7 11. Bxf6 Nxf6 12. Re1 Qb6 13. a3 Rac8 14. Bd3 Bg4 15. Rb1 Rc7 16. h3 Be6 17. Qe2 Rfc8 18. Nd2 Nd7 19. Nf1 Nc5 20. Ne3 Nxd3 21. Qxd3 Qd4 22. Ned5 Bxd5 23. Qxd4 exd4 24. Nxd5 Rd7 25. Nb6 Rdc7 26. Nxc8 Rxc8 27. e5 Rxc2 28. exd6 Bxd6 29. Re8+ Bf8 30. Rd1 f6 31. b4 Kf7 32. Rb8 b5 33. Rb7+ Kg6 34. Rd3 Bd6 35. g3 Rc4 36. Rb6 Rc1+ 37. Kg2 Be5 38. f4 Bc7 39. Rxa6 Rc4 40. Ra7 Kf5 41. Kf3 h5 42. Rb7 Ke6 43. Rxb5 f5 44. a4 g6 45. a5 Rc6 46. Rc5 Rxc5 47. bxc5 Kd5 48. a6 Bb8 49. Ra3 Ba7 50. Ra5 Kc6 51. Ke2 Kd5 52. Kd3 Kc6 53. Kxd4 g5 {[%emt 0:00:21] Ke4 Kd5+} 1-0

[Event "European School-ch 2019"]
[Site "Mamaia"]
[Date "2019.06.02"]
[Round "3.29"]
[White "Qalabegashvili, Data"]
[Black "Durucay, Uygar"]
[Result "1/2-1/2"]
[ECO "B01"]
[WhiteElo "1309"]
[BlackElo "1575"]
[Annotator "NA"]
[PlyCount "65"]
[EventDate "2019.05.31"]
[EventType "swiss"]
[EventCountry "ROU"]
[SourceTitle "playchess.com"]
[Source "ChessBase"]
[SourceQuality "1"]
[TimeControl "40/5400+30:1800+30"]

1. e4 d5 2. exd5 Qxd5 3. Nc3 Qa5 4. g3 Nf6 5. Bg2 c6 6. Nge2 Bf5 7. b4 Qb6 8. O-O e6 9. Rb1 Qc7 10. d3 Nbd7 11. b5 c5 12. Re1 Be7 13. Nf4 O-O 14. Qf3 Rab8 15. Qe2 Bg4 16. f3 Bf5 17. Ne4 Rfe8 18. g4 Bxe4 19. dxe4 Bd6 20. Qe3 Be5 21. Kh1 Nb6 22. Nh5 Nxh5 23. gxh5 h6 24. f4 Bd4 25. Qg3 Nc4 26. e5 Qa5 27. a3 Rbd8 28. Rb3 Nd2 29. Rd3 Nb1 30. Rb3 Nd2 31. Rd3 Nb1 32. Rb3 Nd2 33. Rd3 1/2-1/2

[Event "European School-ch 2019"]
[Site "Mamaia"]
[Date "2019.06.02"]
[Round "3.30"]
[White "Korovko, Iakov"]
[Black "Karimli, Yusif"]
[Result "0-1"]
[ECO "C10"]
[WhiteElo "1232"]
[BlackElo "1470"]
[Annotator "NA"]
[PlyCount "154"]
[EventDate "2019.05.31"]
[EventType "swiss"]
[EventCountry "ROU"]
[SourceTitle "playchess.com"]
[Source "ChessBase"]
[SourceQuality "1"]
[TimeControl "40/5400+30:1800+30"]

1. e4 e6 2. d4 d5 3. Nc3 dxe4 4. Nxe4 Nd7 5. Nf3 Ngf6 6. Bd3 Nxe4 7. Bxe4 Nf6 8. Bg5 Be7 9. Bd3 O-O 10. O-O h6 11. Bh4 c5 12. dxc5 Bxc5 13. Qe2 Qe7 14. Nd2 Qd8 15. Rad1 Be7 16. Nf3 Qa5 17. a3 Rd8 18. Rfe1 Qh5 19. Be4 Qc5 20. Rxd8+ Bxd8 21. Rd1 Be7 22. Ne5 Nxe4 23. Bxe7 Qxe5 24. f3 f5 25. fxe4 Qxe4 26. Qxe4 fxe4 27. Re1 Bd7 28. Rxe4 Re8 29. Bd6 Bc6 30. Re5 Kf7 31. c4 Kf6 32. c5 a5 33. b3 Bd5 34. Re3 Ra8 35. Kf2 Ra6 36. Be5+ Kf7 37. Bd4 Rc6 38. Rc3 Rc8 39. h4 g6 40. b4 axb4 41. axb4 Ra8 42. Rc2 Bc6 43. Ke3 Ra3+ 44. Kf4 Rd3 45. Rf2 Ke7 46. Be5 Rd5 47. Ra2 g5+ 48. hxg5 hxg5+ 49. Kxg5 Rxe5+ 50. Kh6 Re4 51. Rb2 Rh4+ 52. Kg5 Rh2 53. Rb3 Rxg2+ 54. Kf4 Bb5 55. Ra3 Rb2 56. Ra7 Rxb4+ 57. Ke5 Bc6 58. Ra4 Rb5 59. Rc4 b6 60. Kd4 bxc5+ 61. Ke5 Rb4 62. Rh4 Re4+ 63. Rxe4 Bxe4 64. Kxe4 Kd6 65. Kd3 Kd5 66. Kd2 Kd4 67. Ke2 e5 68. Kd2 e4 69. Ke2 c4 70. Kd1 Kd3 71. Kc1 c3 72. Kd1 c2+ 73. Kc1 e3 74. Kb2 e2 75. Ka3 c1=Q+ 76. Ka2 Qc6 77. Kb3 e1=R 0-1

[Event "European School-ch 2019"]
[Site "Mamaia"]
[Date "2019.06.02"]
[Round "3.31"]
[White "Tutunculer, Cagan"]
[Black "Bayramli, Rafael"]
[Result "1-0"]
[ECO "A36"]
[WhiteElo "1193"]
[BlackElo "1331"]
[Annotator "NA"]
[PlyCount "118"]
[EventDate "2019.05.31"]
[EventType "swiss"]
[EventCountry "ROU"]
[SourceTitle "playchess.com"]
[Source "ChessBase"]
[SourceQuality "1"]
[TimeControl "40/5400+30:1800+30"]

1. c4 c5 2. Nc3 g6 3. g3 Bg7 4. Bg2 Nc6 5. e4 d6 6. d3 e6 7. Nge2 Nge7 8. O-O Nd4 9. Be3 Nec6 10. Qd2 O-O 11. Bh6 a6 12. Bxg7 Kxg7 13. Nxd4 Nxd4 14. Ne2 e5 15. Nxd4 exd4 16. f4 Qc7 17. b4 Bd7 18. a3 Rab8 19. f5 f6 20. Rac1 Qd8 21. h4 b6 22. g4 Qe7 23. Rf3 Qe5 24. Rcf1 b5 25. Rc1 Rfc8 26. Bh3 bxc4 27. Rxc4 Bb5 28. Rc1 c4 29. g5 cxd3 30. fxg6 Rxc1+ 31. Qxc1 d5 32. gxf6+ Kxg6 33. Bf5+ Kf7 34. Qh6 Rg8+ 35. Kh1 Ke8 36. f7+ Kxf7 37. Bxh7+ Ke7 38. Bxg8 Qxe4 39. Qh7+ Qxh7 40. Bxh7 d2 41. Bc2 Be2 42. Rf2 d3 43. Bd1 Bxd1 44. Rxd2 Bc2 45. Kg2 Ke6 46. h5 d4 47. h6 Kf6 48. Kf3 Kg6 49. Ke4 Kxh6 50. Kxd4 Kg5 51. Rxd3 Bxd3 52. Kxd3 Kf6 53. Kc4 Ke7 54. Kc5 a5 55. b5 Kd8 56. Kb6 Kc8 57. Kxa5 Kb7 58. b6 Kb8 59. Kb5 Kb7 1-0

[Event "European School-ch 2019"]
[Site "Mamaia"]
[Date "2019.06.02"]
[Round "3.32"]
[White "Utlu, Mustafa Ali"]
[Black "Dias, Ruwan"]
[Result "1-0"]
[ECO "D35"]
[WhiteElo "1148"]
[BlackElo "1359"]
[Annotator "NA"]
[PlyCount "69"]
[EventDate "2019.05.31"]
[EventType "swiss"]
[EventCountry "ROU"]
[SourceTitle "playchess.com"]
[Source "ChessBase"]
[SourceQuality "1"]
[TimeControl "40/5400+30:1800+30"]

1. d4 d5 2. c4 e6 3. Nc3 Nf6 4. cxd5 exd5 5. Bg5 Be7 6. e3 O-O 7. Bd3 c5 8. dxc5 Nc6 9. Nf3 h6 10. Bh4 Bxc5 11. Nxd5 Qa5+ 12. Nc3 Nd5 13. O-O Nxc3 14. bxc3 Bg4 15. Qb3 Bxf3 16. gxf3 Bb6 17. Kh1 Qh5 18. Bg3 Qxf3+ 19. Kg1 Rad8 20. Qc2 Ba5 21. Rab1 b6 22. Be4 Qf6 23. Qa4 Ne7 24. Rfd1 Rxd1+ 25. Rxd1 Qxc3 26. Qd7 Ng6 27. Bd6 Rc8 28. Bxg6 fxg6 29. Be5 Qxe5 30. Qxc8+ Kh7 31. Qg4 Qb2 32. Rd6 Qb1+ 33. Kg2 Bb4 34. Re6 g5 35. Qe4+ 1-0

[Event "European School-ch 2019"]
[Site "Mamaia"]
[Date "2019.06.02"]
[Round "3.34"]
[White "Lintes, Albert-Ioan"]
[Black "Anghelescu, Teodor-Stefan"]
[Result "0-1"]
[ECO "A45"]
[WhiteElo "1280"]
[BlackElo "1266"]
[Annotator "NA"]
[PlyCount "148"]
[EventDate "2019.05.31"]
[EventType "swiss"]
[EventCountry "ROU"]
[SourceTitle "playchess.com"]
[Source "ChessBase"]
[SourceQuality "1"]
[TimeControl "40/5400+30:1800+30"]

1. d4 Nf6 2. Bf4 c5 3. d5 Qb6 4. Nc3 d6 5. Qd2 g6 6. e4 Bg7 7. Nf3 Bg4 8. Bc4 a6 9. e5 dxe5 10. Nxe5 Nbd7 11. Nxd7 Nxd7 12. f3 Qxb2 13. Rb1 Qxc3 14. Qxc3 Bxc3+ 15. Kd1 Bxf3+ 16. gxf3 b5 17. Bd3 Be5 18. Be3 c4 19. Be2 Nf6 20. f4 Bc7 21. Bf3 Rd8 22. Bd4 O-O 23. Bxf6 exf6 24. f5 Rfe8 25. a4 Re3 26. Bg2 Rb8 27. Kd2 Bf4 28. Kd1 bxa4 29. Ra1 a3 30. Rf1 Bg5 31. Rf3 a2 32. Rxe3 Rb1+ 33. Ke2 Rxa1 34. Ra3 Bh4 35. Kf3 Rd1 36. Rxa2 Rxd5 37. fxg6 hxg6 38. Rxa6 Rf5+ 39. Kg4 Rg5+ 40. Kh3 Rh5 41. Kg4 c3 42. Bf1 f5+ 43. Kf3 Be1 44. h3 Rh4 45. Ra1 Bd2 46. Kg3 Re4 47. Bd3 Re3+ 48. Kg2 Rxd3 49. cxd3 c2 50. d4 c1=Q 51. Rxc1 Bxc1 52. Kf3 g5 53. d5 Kf8 54. Kg3 Ke7 55. h4 gxh4+ 56. Kxh4 f4 57. Kh3 Kd6 58. Kg2 Kxd5 59. Kf3 f5 60. Kf2 Ke4 61. Ke2 f3+ 62. Kf2 Kf4 63. Kf1 Kg3 64. Kg1 f2+ 65. Kf1 Bd2 66. Ke2 Kg2 67. Kd3 f1=Q+ 68. Kd4 Qd1 69. Ke5 f4 70. Ke4 f3 71. Ke5 f2 72. Ke4 f1=Q 73. Ke5 Bc3+ 74. Ke4 Qdd3# 0-1

[Event "European School-ch 2019"]
[Site "Mamaia"]
[Date "2019.06.02"]
[Round "3.35"]
[White "Paunescu, Stefan-Vlad"]
[Black "Savu, Victor-Xavier"]
[Result "1-0"]
[ECO "C55"]
[WhiteElo "1358"]
[BlackElo "1047"]
[Annotator "NA"]
[PlyCount "89"]
[EventDate "2019.05.31"]
[EventType "swiss"]
[EventCountry "ROU"]
[SourceTitle "playchess.com"]
[Source "ChessBase"]
[SourceQuality "1"]
[TimeControl "40/5400+30:1800+30"]

1. e4 e5 2. Nf3 Nc6 3. Bc4 Nf6 4. d4 exd4 5. O-O d6 6. Nxd4 Nxd4 7. Qxd4 Be7 8. Nc3 O-O 9. Be3 Be6 10. Bb3 Ng4 11. Bf4 Bf6 12. Qd2 Ne5 13. Bg3 Qe7 14. Rad1 Nc6 15. Rfe1 Nd4 16. Nd5 Bxd5 17. Bxd5 Ne6 18. c3 Rab8 19. h3 Be5 20. f4 Bf6 21. b4 c6 22. Bb3 Rbd8 23. f5 Nc7 24. Bxd6 Qd7 25. Qf4 Nd5 26. Bxd5 Qxd6 27. Bxf7+ Rxf7 28. Rxd6 Rxd6 29. Qxd6 Bxc3 30. Rd1 Rf8 31. Qe6+ Kh8 32. Qe7 Rg8 33. Rd8 h6 34. e5 Kh7 35. f6 Bxb4 36. Rxg8 Bxe7 37. Rxg7+ Kh8 38. Rxe7 c5 39. f7 Kg7 40. e6 c4 41. Re8 a6 42. f8=Q+ Kg6 43. Qf7+ Kg5 44. Rg8+ Kh4 45. Rg4# 1-0

[Event "European School-ch 2019"]
[Site "Mamaia"]
[Date "2019.06.02"]
[Round "3.41"]
[White "Mgeladze, Kesaria"]
[Black "Antal, Iris-Ileana"]
[Result "1-0"]
[ECO "B10"]
[WhiteElo "1322"]
[BlackElo "1057"]
[Annotator "NA"]
[PlyCount "65"]
[EventDate "2019.05.31"]
[EventType "swiss"]
[EventCountry "ROU"]
[SourceTitle "playchess.com"]
[Source "ChessBase"]
[SourceQuality "1"]
[TimeControl "40/5400+30:1800+30"]

1. e4 c6 2. g3 d5 3. Bg2 dxe4 4. Nc3 Nf6 5. Nxe4 Nxe4 6. Bxe4 g6 7. Bg2 Bg7 8. Nf3 O-O 9. O-O Nd7 10. d4 Nf6 11. c4 Bf5 12. Bf4 Qb6 13. Qe2 Be4 14. Rfd1 Rad8 15. Be3 Qb4 16. a3 Qb3 17. Rac1 Rfe8 18. h3 Nd7 19. Nd2 Qxb2 20. Bxe4 Bxd4 21. Rb1 Qc3 22. Rb3 Qa5 23. Bxd4 Nf6 24. Bc3 Qa6 25. Rdb1 Ra8 26. Rxb7 Qxa3 27. Bb4 Qa2 28. Bxc6 Rec8 29. Qxe7 Rf8 30. Qxf6 Rab8 31. Bc3 Qxb1+ 32. Nxb1 Rxb7 33. Qg7# 1-0

[Event "European School-ch 2019"]
[Site "Mamaia"]
[Date "2019.06.02"]
[Round "3.43"]
[White "Ismayilova, Khanim"]
[Black "Zarkua, Anastasia"]
[Result "1/2-1/2"]
[ECO "A85"]
[WhiteElo "1225"]
[BlackElo "1108"]
[Annotator "NA"]
[PlyCount "124"]
[EventDate "2019.05.31"]
[EventType "swiss"]
[EventCountry "ROU"]
[SourceTitle "playchess.com"]
[Source "ChessBase"]
[SourceQuality "1"]
[TimeControl "40/5400+30:1800+30"]

1. d4 f5 2. c4 Nf6 3. Nc3 g6 4. Nf3 Bg7 5. Bf4 O-O 6. e3 d6 7. Be2 c6 8. d5 c5 9. O-O Nbd7 10. Qc2 Qb6 11. Rab1 a6 12. Ng5 Ne5 13. Nf3 Nxf3+ 14. Bxf3 e5 15. dxe6 Bxe6 16. Na4 Qc7 17. Qd3 Rad8 18. Rfd1 Ne8 19. Qb3 b5 20. Nc3 Bxc4 21. Bd5+ Bxd5 22. Nxd5 Qf7 23. Qa3 Qa7 24. Qb3 c4 25. Qb4 Kh8 26. b3 cxb3 27. Rxb3 Qc5 28. Qa5 Ra8 29. Nb6 Ra7 30. Rbd3 Be5 31. Rd5 Qc2 32. Bxe5+ dxe5 33. Qa3 Rff7 34. Rc1 Qe2 35. Rxe5 Nf6 36. Nd5 Rad7 37. Qb3 Ng4 38. Re8+ Kg7 39. Qc3+ Nf6 40. Re1 Qc4 41. Qxc4 bxc4 42. Nxf6 Rxf6 43. Rc8 Rd2 44. Rxc4 Rxa2 45. Rc7+ Rf7 46. Rxf7+ Kxf7 47. Rc1 Kf6 48. g3 a5 49. Rc7 h6 50. Rc6+ Kg5 51. h4+ Kh5 52. Kg2 g5 53. hxg5 Kxg5 54. Ra6 h5 55. Ra8 a4 56. Ra6 h4 57. gxh4+ Kxh4 58. Rh6+ Kg5 59. Ra6 a3 60. Ra4 Kf6 61. Kf3 Ke5 62. Ra5+ Kf6 1/2-1/2

[Event "European School-ch 2019"]
[Site "Mamaia"]
[Date "2019.06.02"]
[Round "3.45"]
[White "Zhapova, Yana"]
[Black "Rasheva, Nora"]
[Result "1/2-1/2"]
[ECO "B17"]
[WhiteElo "1804"]
[BlackElo "1473"]
[Annotator "NA"]
[PlyCount "90"]
[EventDate "2019.05.31"]
[EventType "swiss"]
[EventCountry "ROU"]
[SourceTitle "playchess.com"]
[Source "ChessBase"]
[SourceQuality "1"]
[TimeControl "40/5400+30:1800+30"]

1. e4 c6 2. d4 d5 3. Nd2 dxe4 4. Nxe4 Nd7 5. Bc4 Ngf6 6. Nxf6+ Nxf6 7. c3 Bf5 8. Qb3 e6 9. Qxb7 Qc8 10. Ba6 Qxb7 11. Bxb7 Rb8 12. Bxc6+ Kd8 13. Nf3 h6 14. Ne5 Ke7 15. b3 Bg6 16. Bf4 Rc8 17. c4 Be4 18. Bxe4 Nxe4 19. f3 Nf6 20. Kf2 g5 21. Bd2 Nd7 22. Nxd7 Kxd7 23. Rad1 Bg7 24. Be3 Rhd8 25. d5 Ke8 26. dxe6 fxe6 27. Ke2 Bc3 28. h4 Bf6 29. hxg5 hxg5 30. Rh6 Rxd1 31. Kxd1 Kf7 32. Rh7+ Bg7 33. Bd4 Rd8 34. Rxg7+ Kf8 35. Rxa7 Rxd4+ 36. Ke2 Rd6 37. b4 Rc6 38. Kd3 e5 39. Ra5 Re6 40. Ke4 Kf7 41. Rxe5 Ra6 42. b5 Rxa2 43. b6 Ra8 44. c5 Rb8 45. Kd5 Rd8+ 1/2-1/2